 Dungeon Crawl Stone Soup version 0.21-a0-314-gb3271ec (webtiles) character file.

234 Hasart the Slasher (level 5, -1/42 HPs)
             Began as a Mummy Fighter on Sept 29, 2017.
             Was an Initiate of Gozag.
             Slain by an iguana (2 damage)
             ... on level 4 of the Dungeon.
             The game lasted 00:06:41 (3077 turns).

Hasart the Slasher (Mummy Fighter)                  Turns: 3077, Time: 00:06:42

Health: -1/42      AC: 13    Str: 25    XL:     5   Next: 75%
Magic:  5/5        EV:  4    Int:  8    God:    Gozag
Gold:   195        SH:  9    Dex: 11    Spells: 4/4 levels left

rFire    + . .     SeeInvis .   a - +1 long sword
rCold    + . .     Gourm    .   c - +0 shield
rNeg     + + +     Faith    .   i - +0 plate armour
rPois    ∞         Spirit   .   f - +0 helmet
rElec    +         Reflect  .   (no cloak)
rCorr    +         Harm     .   j - +0 pair of gloves
MR       .....                  (no boots)
Stlth    ..........             (no amulet)
HPRegen  0.14/turn              d - ring of resist corrosion
MPRegen  0.09/turn              o - ring of fire

@: mighty, resistant, hasted, very quick
A: no food or potions, fire vulnerability, cold resistance 1, negative energy
resistance 3, torment resistance, unbreathing
a: Potion Petition, Call Merchant, Bribe Branch, Renounce Religion


You were on level 4 of the Dungeon.
You worshipped Gozag.
Gozag was aware of your devotion.
You were not hungry.

You visited 2 branches of the dungeon, and saw 6 of its levels.

You collected 272 gold pieces.
You paid 77 gold pieces to Gozag.

Inventory:

Hand Weapons
 a - a +1 long sword (weapon)
Armour
 b - a +0 scale mail
 c - a +0 shield (worn)
 f - a +0 helmet (worn)
 i - a +0 plate armour (worn)
 j - a +0 pair of gloves (worn)
Jewellery
 d - a ring of resist corrosion (left hand)
 o - a ring of fire (right hand)
Scrolls
 e - 2 scrolls of fear {unknown}
 g - 3 scrolls of identify {unknown}
 h - 5 scrolls of teleportation {unknown}


   Skills:
 + Level 4.2 Fighting
 * Level 4.3 Long Blades
 - Level 2.4 Armour
 - Level 2.4 Shields


You had 4 spell levels left.
You didn't know any spells.

Dungeon Overview and Level Annotations

Branches:
Dungeon (5/15)             Temple (1/1) D:4

Altars:
Ashenzari
Cheibriados
Elyvilon
Fedhas
Gozag
Ru
Sif Muna
Trog
Uskayaw
Wu Jian
Xom
Yredelemnul
Zin

Annotations:
D:4 Ijyb


Innate Abilities, Weirdness & Mutations

You do not eat or drink.
Your flesh is vulnerable to fire.
You are immune to poison.
Your flesh is cold resistant. (rC+)
You are immune to negative energy. (rN+++)
You are immune to unholy pain and torment.
You can survive without breathing.


Message History

The iguana barely misses you.
You riposte.
You hit the iguana.
The iguana is moderately wounded.
You completely miss the iguana.
The iguana is moderately wounded.
Ijyb hits you but does no damage. The iguana barely misses you.
You slash Ijyb!
Ijyb is heavily wounded.
You hit Ijyb.
Ijyb is severely wounded.
The iguana barely misses you. Ijyb hits you but does no damage.
You closely miss Ijyb.
Ijyb is severely wounded.
The iguana bites you.
* * * LOW HITPOINT WARNING * * *
Ijyb hits you but does no damage.
Your shield and plate armour prevent you from hitting Ijyb.
Ijyb is severely wounded.
The iguana bites you.
You die...
Your body crumbles into a pile of gold.

#.#........#..##..........#,*,,*,
#...................#####.#,*,,*,
########.###..##.##.# ***,#,*,,*,
* #.# #...#.##.# *,,,,,,,,*, *
######.###.#.#(##.# *,,,,,****,
#............#.#*.# *,,,,,* *,
#.......##.....#*,* *,,,,,* *,
#....#..##..#..#*,* *****,* *,
###....l..##..#l@#*,**** *,****,
...............g##*,,,,* *,**,,,
###.............# *,,,,* *,**,*,
#....<........#**,,,,* *,**,*,
#................,$,,****,**,**
#................,,,,,,**,**,** *
#..............###,,,*,**,**,** *
##############.#,<,,,,,,,,**,** *
*******.#**,,,*,*****,**


You could see Ijyb and an iguana.

Vanquished Creatures
  A howler monkey (D:4)
  An orc priest (D:3)
  An orc wizard (D:3)
  A worker ant (D:5)
  4 adders
  An ooze (D:2)
  An adder skeleton (D:4)
  A worm (D:2)
  2 dart slugs
  8 orcs
  4 bats
  A giant cockroach (D:3)
  7 hobgoblins
  3 quokkas
  A ball python (D:1)
  2 frilled lizards (D:1)
  7 goblins
  7 kobolds
  12 rats
65 creatures vanquished.

Notes
Turn   | Place    | Note
-------+----------+-------------------------------------------
     0 | D:1      | Hasart the Mummy Fighter began the quest for the Orb.
     0 | D:1      | Reached XP level 1. HP: 18/18 MP: 1/1
   127 | D:1      | Reached XP level 2. HP: 24/24 MP: 2/2
   636 | D:2      | Reached XP level 3. HP: 7/29 MP: 3/3
   999 | D:2      | Found a bloodstained altar of Trog.
  1087 | D:2      | Noticed an angel
  1087 | D:2      | Found a shimmering altar of Xom.
  1087 | D:2      | Found a glowing silver altar of Zin.
  1141 | D:2      | Found a shattered altar of Ashenzari.
  1152 | D:2      | Reached XP level 4. HP: 35/35 MP: 4/4
  1773 | D:3      | Reached XP level 5. HP: 23/42 MP: 5/5
  2558 | D:4      | HP: 2/42 [iguana (4)]
  2872 | D:4      | Found a staircase to the Ecumenical Temple.
  2877 | Temple   | Entered the Ecumenical Temple
  2892 | Temple   | Became a worshipper of Gozag Ym Sagoz the Greedy
  3032 | D:4      | Noticed Ijyb
  3059 | D:4      | HP: 1/42 [disintegration (17)]
  3060 | D:5      | Entered Level 5 of the Dungeon
  3072 | D:4      | HP: 1/42 [disintegration (17)]
  3077 | D:4      | Slain by an iguana

Vault maps used:
D:1:      tarquinn_simple_flora_water_e, minmay_hedge_maze
D:2:      nicolae_overflow_crystal_walls,
          grunt_temple_overflow_order_and_chaos_1, first_bread, bloody_trog
D:3:      st_stairs_6
D:4:      temple_doors_e, uniq_ijyb
D:5:      moated_statue, fountainhead, minmay_misc_feat_iff, uniq_duvessa
Temple:   zaba_magenta_temple

Skill      XL: |  1  2  3  4  5 |
---------------+----------------+-----
Long Blades    | 2 3 4 |  4.3
Fighting       | 4 |  4.2
Armour         | |  2.4
Shields        | |  2.4

Action                   |  1- 3 |  4- 6 || total
-------------------------+-------+-------++-------
Melee: Long sword        |   106 |   161 ||   267
Invok: Potion Petition   |       |     1 ||     1
  Use: Scroll            |       |     6 ||     6
Armor: Scale mail        |    60 |    54 ||   114
       Plate armour      |       |    11 ||    11
Dodge: Dodged            |    34 |    51 ||    85
Block: Shield            |    55 |    57 ||   112
       Rpst.: Long sword |    14 |    15 ||    29

Table legend:
 A = Spawn XP
 B = Non-spawn XP
 C = Spawn XP percentage of total XP
 D = Spawn monster count
 E = Non-spawn monster count
 F = Spawn count percentage of total count
 G = Total turns spent on level
                    A         B        C        D         E        F      G
               +---------+---------+-------+---------+---------+-------+---------
         Total |       0 |     335 |   0.0 |       0 |      65 |   0.0 |  3077
               +---------+---------+-------+---------+---------+-------+---------
           D:1 |       0 |      27 |   0.0 |       0 |      17 |   0.0 |   600
           D:2 |       0 |      81 |   0.0 |       0 |      22 |   0.0 |   986
           D:3 |       0 |     129 |   0.0 |       0 |      22 |   0.0 |  1140
           D:4 |       0 |      65 |   0.0 |       0 |       3 |   0.0 |   309
           D:5 |       0 |      33 |   0.0 |       0 |       1 |   0.0 |    11
               +---------+---------+-------+---------+---------+-------+---------
